TOP OF THE 1ST |
Eau Claire Esquires batting - Pitching for Seattle Rainiers : RHP Tony Baltazar
|
Pitching: RHP Tony Baltazar
|
|
Batting: SHB Álex Hernández
|
0-0: Ball 1-0: SINGLE (Line Drive, 6MD)
|
Batting: LHB Jesús Bueno
|
0-0: Grounds into double play, 1-4-3 (Groundball, 25)
|
Batting: RHB Félix Gonzáles
|
0-0: Ball 1-0: Ball 2-0: Swinging Strike 2-1: Fly out, F8 (Line Drive, 8RD)
|
Top of the 1st over - 0 run(s), 1 hit(s), 0 error(s), 0 left on base; Eau Claire 0 - Seattle 0 |
BOTTOM OF THE 1ST |
Seattle Rainiers batting - Pitching for Eau Claire Esquires : LHP Manuel Encarnación
|
Pitching: LHP Manuel Encarnación
|
|
Batting: RHB Enrique Mendoza
|
0-0: Ball 1-0: Foul Ball, location: 2F 1-1: Foul Ball, location: 2F 1-2: Ball 2-2: Foul Ball, location: 2F 2-2: Ball 3-2: Foul Ball, location: 2F 3-2: Base on Balls
|
Batting: RHB Alfredo Farías
|
0-0: Ball 1-0: Ball 2-0: DOUBLE (Line Drive, 78M) Enrique Mendoza to third
|
Batting: RHB Robert Marks
|
0-0: Ball 1-0: Fly out, F9 (Flyball, 89M) Runner from 3rd tags up, SCORES, no throw
|
Batting: LHB Alan Moore
|
0-0: Called Strike 0-1: Called Strike 0-2: Foul Ball, location: 2F 0-2: Ball 1-2: Foul Ball, location: 2F 1-2: Ball 2-2: SINGLE (Line Drive, 6M) Alfredo Farías to third Runner from 3rd tries for Home, SAFE, no throw or cutoff
|
Batting: RHB Tony Hernández
|
0-0: Ball 1-0: Fielders Choice at 2nd, 6-4 (Groundball, 56)
|
Batting: RHB Jeremiah Soto
|
0-0: Ball 1-0: Ball 2-0: Called Strike 2-1: Ball 3-1: Base on Balls Tony Hernández to second
|
Batting: RHB Jorge Colón
|
0-0: Ball 1-0: Ball 2-0: Foul Ball, location: 2F 2-1: Fly out, F9 (Flyball, 89M)
|
Bottom of the 1st over - 2 run(s), 2 hit(s), 0 error(s), 2 left on base; Eau Claire 0 - Seattle 2 |
TOP OF THE 2ND |
Eau Claire Esquires batting - Pitching for Seattle Rainiers : RHP Tony Baltazar
|
Batting: SHB Manuel Hegnauer
|
0-0: Called Strike 0-1: Ground out 6-3 (Groundball, 6)
|
Batting: RHB Esteban Lara
|
0-0: Ball 1-0: Ball 2-0: Fly out, F8 (Flyball, 8RM)
|
Batting: LHB Pedro Díaz
|
0-0: Called Strike 0-1: Ball 1-1: Fly out, F9 (Flyball, 9S)
|
Top of the 2nd over - 0 run(s), 0 hit(s), 0 error(s), 0 left on base; Eau Claire 0 - Seattle 2 |
BOTTOM OF THE 2ND |
Seattle Rainiers batting - Pitching for Eau Claire Esquires : LHP Manuel Encarnación
|
Batting: RHB John Hill
|
0-0: Ball 1-0: Ground out 6-3 (Groundball, 6)
|
Batting: RHB Bill Dawson
|
0-0: Called Strike 0-1: Ball 1-1: Ground out 6-3 (Groundball, 6)
|
Batting: RHB Enrique Mendoza
|
0-0: Called Strike 0-1: Ground out 3-1 (Groundball, 34S)
|
Bottom of the 2nd over - 0 run(s), 0 hit(s), 0 error(s), 0 left on base; Eau Claire 0 - Seattle 2 |
TOP OF THE 3RD |
Eau Claire Esquires batting - Pitching for Seattle Rainiers : RHP Tony Baltazar
|
Batting: RHB Jon Krohne
|
0-0: Ball 1-0: Ball 2-0: Foul Ball, location: 2F 2-1: Ball 3-1: Base on Balls
|
Batting: LHB José Martínez
|
0-0: Called Strike 0-1: Foul Ball, location: 2F 0-2: Ball 1-2: Ball 2-2: Ball 3-2: DOUBLE (Line Drive, 89D) Jon Krohne to third Jon Krohne scores
|
Batting: RHB Nelson Castro
|
0-0: Called Strike 0-1: Swinging Strike 0-2: Ball 1-2: Ball 2-2: Ball 3-2: Strikes out swinging
|
Batting: SHB Álex Hernández
|
0-0: Called Strike 0-1: Ball 1-1: Ball 2-1: Foul Ball, location: 2F 2-2: Foul Ball, location: 2F 2-2: Ground out U3 (Groundball, 3S) José Martínez to third
|
Batting: LHB Jesús Bueno
|
0-0: Called Strike 0-1: Ball 1-1: Foul Ball, location: 2F 1-2: Strikes out swinging
|
Top of the 3rd over - 1 run(s), 1 hit(s), 0 error(s), 1 left on base; Eau Claire 1 - Seattle 2 |
BOTTOM OF THE 3RD |
Seattle Rainiers batting - Pitching for Eau Claire Esquires : LHP Manuel Encarnación
|
Batting: RHB Alfredo Farías
|
0-0: Ground out 4-3 (Groundball, 34)
|
Batting: RHB Robert Marks
|
0-0: Called Strike 0-1: SINGLE (Groundball, 25) (infield hit)
|
Batting: LHB Alan Moore
|
0-0: Called Strike 0-1: Called Strike 0-2: Strikes out swinging
|
Batting: RHB Tony Hernández
|
0-0: Foul Ball, location: 2F 0-1: Ball 1-1: Foul Ball, location: 2F 1-2: Ball 2-2: Ball Error on foul ball, E9 3-2: Fly out, F5 (Popup, 13)
|
Bottom of the 3rd over - 0 run(s), 1 hit(s), 1 error(s), 1 left on base; Eau Claire 1 - Seattle 2 |
TOP OF THE 4TH |
Eau Claire Esquires batting - Pitching for Seattle Rainiers : RHP Tony Baltazar
|
Batting: RHB Félix Gonzáles
|
0-0: SINGLE (Line Drive, 89M)
|
Batting: SHB Manuel Hegnauer
|
0-0: Ball 1-0: DOUBLE (Line Drive, 7LS) Félix Gonzáles to third
|
Batting: RHB Esteban Lara
|
0-0: Swinging Strike 0-1: Ball 1-1: Ball 2-1: Swinging Strike 2-2: Strikes out swinging
|
Batting: LHB Pedro Díaz
|
0-0: Ball 1-0: Called Strike 1-1: Swinging Strike 1-2: Strikes out swinging
|
Batting: RHB Jon Krohne
|
0-0: Ball 1-0: Called Strike 1-1: Ball 2-1: Swinging Strike 2-2: Ground out 1-3 (Groundball, 25)
|
Top of the 4th over - 0 run(s), 2 hit(s), 0 error(s), 2 left on base; Eau Claire 1 - Seattle 2 |
BOTTOM OF THE 4TH |
Seattle Rainiers batting - Pitching for Eau Claire Esquires : LHP Manuel Encarnación
|
Batting: RHB Jeremiah Soto
|
0-0: Ground out 6-3 (Groundball, 6M)
|
Batting: RHB Jorge Colón
|
0-0: Ball 1-0: Called Strike 1-1: Foul Ball, location: 2F 1-2: Strikes out looking
|
Batting: RHB John Hill
|
0-0: Ball 1-0: Ground out 5-3 (Groundball, 5S)
|
Bottom of the 4th over - 0 run(s), 0 hit(s), 0 error(s), 0 left on base; Eau Claire 1 - Seattle 2 |
TOP OF THE 5TH |
Eau Claire Esquires batting - Pitching for Seattle Rainiers : RHP Tony Baltazar
|
Batting: LHB José Martínez
|
0-0: Foul Ball, location: 2F 0-1: Ball 1-1: Foul Ball, location: 2F 1-2: Ball 2-2: Fly out, F3 (Popup, 3S)
|
Batting: RHB Nelson Castro
|
0-0: Called Strike 0-1: Ground out 4-3 (Groundball, 4M)
|
Batting: SHB Álex Hernández
|
0-0: Called Strike 0-1: Called Strike 0-2: Ball 1-2: Ball 2-2: Strikes out swinging
|
Top of the 5th over - 0 run(s), 0 hit(s), 0 error(s), 0 left on base; Eau Claire 1 - Seattle 2 |
BOTTOM OF THE 5TH |
Seattle Rainiers batting - Pitching for Eau Claire Esquires : LHP Manuel Encarnación
|
Batting: RHB Bill Dawson
|
0-0: Ball 1-0: DOUBLE (Line Drive, 89M)
|
Batting: RHB Enrique Mendoza
|
0-0: Called Strike 0-1: Called Strike 0-2: Ground out 6-3 (Groundball, 6)
|
Batting: RHB Alfredo Farías
|
0-0: Swinging Strike 0-1: Swinging Strike 0-2: Ground out 2-3 (Groundball, 2R) Bill Dawson to third
|
Batting: RHB Robert Marks
|
0-0: Foul Ball, location: 2F 0-1: SINGLE (Line Drive, 6D) Bill Dawson scores
|
Batting: LHB Alan Moore
|
0-0: Called Strike 0-1: Called Strike 0-2: Foul Ball, location: 2F 0-2: Strikes out swinging
|
Bottom of the 5th over - 1 run(s), 2 hit(s), 0 error(s), 1 left on base; Eau Claire 1 - Seattle 3 |
TOP OF THE 6TH |
Eau Claire Esquires batting - Pitching for Seattle Rainiers : RHP Tony Baltazar
|
Batting: LHB Jesús Bueno
|
0-0: Ball 1-0: DOUBLE (Groundball, 3L)
|
Batting: RHB Félix Gonzáles
|
0-0: Ball 1-0: Foul Ball, location: 2F 1-1: Ball 2-1: Ball 3-1: Base on Balls
|
Batting: SHB Manuel Hegnauer
|
0-0: Called Strike 0-1: Grounds into double play, 6-4-3 (Groundball, 6M) Jesús Bueno to third
|
Batting: RHB Esteban Lara
|
0-0: Ground out 5-3 (Groundball, 56)
|
Top of the 6th over - 0 run(s), 1 hit(s), 0 error(s), 1 left on base; Eau Claire 1 - Seattle 3 |
BOTTOM OF THE 6TH |
Seattle Rainiers batting - Pitching for Eau Claire Esquires : LHP Manuel Encarnación
|
Batting: RHB Tony Hernández
|
0-0: Ball 1-0: Foul Ball, location: 2F 1-1: SOLO HOME RUN (Flyball, 78XD), Distance : 418 ft
|
Batting: RHB Jeremiah Soto
|
0-0: Foul Ball, location: 2F 0-1: Ball 1-1: Ball 2-1: Ball 3-1: DOUBLE (Groundball, 5L)
|
Batting: RHB Jorge Colón
|
0-0: Ball 1-0: Ball 2-0: SINGLE (Line Drive, 8LS) Jeremiah Soto to third
|
Batting: RHB John Hill
|
0-0: Called Strike 0-1: Ball 1-1: Ball 2-1: Ground out 5-3 (Groundball, 5S) Jorge Colón to second
|
Pitching: RHP Robinson Alomar
|
|
Batting: RHB Bill Dawson
|
0-0: Called Strike 0-1: Ball 1-1: Foul Ball, location: 2F 1-2: Strikes out swinging
|
Batting: RHB Enrique Mendoza
|
0-0: Called Strike 0-1: Called Strike 0-2: Foul Ball, location: 2F 0-2: Ball 1-2: Ball 2-2: Ball 3-2: Foul Ball, location: 2F 3-2: Base on Balls
|
Batting: RHB Alfredo Farías
|
0-0: Swinging Strike 0-1: SINGLE (Flyball, 89S) Jeremiah Soto scores Jorge Colón to third Enrique Mendoza to second Runner from 3rd tries for Home, throw and OUT!
|
Bottom of the 6th over - 2 run(s), 4 hit(s), 0 error(s), 2 left on base; Eau Claire 1 - Seattle 5 |
TOP OF THE 7TH |
Eau Claire Esquires batting - Pitching for Seattle Rainiers : RHP Tony Baltazar
|
Batting: LHB Pedro Díaz
|
0-0: DOUBLE (Groundball, 3L)
|
Batting: RHB Jon Krohne
|
0-0: Ground out 5-3 (Groundball, 5S) Pedro Díaz to third
|
Batting: LHB José Martínez
|
0-0: Ball 1-0: Ball 2-0: Swinging Strike 2-1: SINGLE (Groundball, 34) (infield hit) Pedro Díaz scores
|
Pitching: RHP Jim Thompson
|
|
Batting: RHB Nelson Castro
|
0-0: Ball 1-0: Swinging Strike 1-1: Ball 2-1: Swinging Strike 2-2: Foul Ball, location: 2F 2-2: Strikes out swinging
|
Batting: SHB Álex Hernández
|
0-0: Ball 1-0: Ball 2-0: Called Strike 2-1: Swinging Strike 2-2: Ball 3-2: Ground out 6-3 (Groundball, 6M)
|
Top of the 7th over - 1 run(s), 2 hit(s), 0 error(s), 1 left on base; Eau Claire 2 - Seattle 5 |
BOTTOM OF THE 7TH |
Seattle Rainiers batting - Pitching for Eau Claire Esquires : RHP Robinson Alomar
|
Batting: RHB Robert Marks
|
0-0: Called Strike 0-1: Called Strike 0-2: Ground out 5-3 (Groundball, 56)
|
Batting: LHB Alan Moore
|
0-0: Ball 1-0: Ball 2-0: Ball 3-0: Base on Balls
|
Batting: RHB Tony Hernández
|
0-0: Ball 1-0: Fly out, F3 (Line Drive, 34) 1-0: Lined into DP, U3 (Line Drive, 34)
|
Bottom of the 7th over - 0 run(s), 0 hit(s), 0 error(s), 0 left on base; Eau Claire 2 - Seattle 5 |
TOP OF THE 8TH |
Eau Claire Esquires batting - Pitching for Seattle Rainiers : RHP Jim Thompson
|
Batting: LHB Jesús Bueno
|
0-0: Ball 1-0: Ball 2-0: Ball 3-0: Called Strike 3-1: Base on Balls
|
Batting: RHB Félix Gonzáles
|
0-0: Foul Ball, location: 2F 0-1: Foul Ball, location: 2F 0-2: Foul Ball, location: 2F 0-2: Ball 1-2: Foul Ball, location: 2F 1-2: Ball 2-2: Strikes out swinging
|
Pitching: RHP Jimmy Banks
|
|
Batting: SHB Manuel Hegnauer
|
0-0: Ball 1-0: Swinging Strike 1-1: Ball 2-1: Ball 3-1: Swinging Strike 3-2: Foul Ball, location: 2F 3-2: Foul Ball, location: 2F 3-2: Foul Ball, location: 2F 3-2: Base on Balls Jesús Bueno to second
|
Batting: RHB Esteban Lara
|
0-0: Fielders Choice at 2nd, 1-6 (Groundball, 15S) Jesús Bueno to third
|
Batting: LHB Pedro Díaz
|
0-0: Ball 1-0: SINGLE (Flyball, 78M) Jesús Bueno scores Esteban Lara to second
|
Batting: RHB Jon Krohne
|
0-0: Foul Ball, location: 2F 0-1: Called Strike 0-2: Ball 1-2: Strikes out swinging
|
Top of the 8th over - 1 run(s), 1 hit(s), 0 error(s), 2 left on base; Eau Claire 3 - Seattle 5 |
BOTTOM OF THE 8TH |
Seattle Rainiers batting - Pitching for Eau Claire Esquires : RHP Robinson Alomar
|
Batting: RHB Jeremiah Soto
|
0-0: Foul Ball, location: 2F 0-1: Swinging Strike 0-2: Strikes out looking
|
Pitching: RHP Orsino Ortíz
|
|
Batting: RHB Jorge Colón
|
0-0: Ball 1-0: Swinging Strike 1-1: Foul Ball, location: 2F 1-2: Ball 2-2: Foul Ball, location: 2F 2-2: Ground out 6-3 (Groundball, 6)
|
Batting: RHB John Hill
|
0-0: Ball 1-0: Called Strike 1-1: Ball 2-1: Fly out, F8 (Flyball, 8RM)
|
Bottom of the 8th over - 0 run(s), 0 hit(s), 0 error(s), 0 left on base; Eau Claire 3 - Seattle 5 |
TOP OF THE 9TH |
Eau Claire Esquires batting - Pitching for Seattle Rainiers : RHP Jimmy Banks
|
Pitching: RHP Rafael López
|
|
Batting: LHB José Martínez
|
0-0: Ground out U3 (Groundball, 3S)
|
Batting: RHB Nelson Castro
|
0-0: Ball 1-0: Ball 2-0: Ball 3-0: Base on Balls
|
Batting: SHB Álex Hernández
|
0-0: Swinging Strike 0-1: Called Strike 0-2: Ball 1-2: Strikes out swinging
|
Batting: LHB Jesús Bueno
|
0-0: Called Strike 0-1: Ground out 4-3 (Groundball, 34)
|
Top of the 9th over - 0 run(s), 0 hit(s), 0 error(s), 1 left on base; Eau Claire 3 - Seattle 5 |
|